 Dungeon Sprint DCSS version 0.26-a0-1002-g7355149c4d (webtiles) character file.

Game seed: 10908113638189486270

63857 mhtbhm the Barachian Blade (level 15, -21/211 HPs)
             Began as a Barachi Berserker on Dec 6, 2020.
             Was the Champion of Trog.
             Killed from afar by an orb of fire (32 damage)
             ... with a bolt of fire
             ... in the Dungeon (Sprint IX: "|||||||||||||||||||||||||||||").
             The game lasted 00:11:01 (5577 turns).

mhtbhm the Barachian Blade (Barachi Berserker)      Turns: 5577, Time: 00:11:02

Health: -21/211    AC: 23    Str: 23    XL:     15   Next: 11%
Magic:  13/13      EV: 22    Int:  6    God:    Trog [******]
Gold:   1381       SH:  0    Dex: 15    Spells: 14/14 levels left

rFire    + . .     SeeInvis +   a - +7 great sword of Uskayaw's Outrage {freeze, Dex+2}
rCold    . . .     Faith    .   (shield currently unavailable)
rNeg     . . .     Spirit   .   b - +0 swamp dragon scales
rPois    +         Reflect  .   B - +0 helmet {SInv}
rElec    .         Harm     .   s - +1 cloak
rCorr    .         Rampage  .   r - +0 pair of gloves
Will     +....     Rnd*Rage +   l - +0 pair of boots Stlth ..........NoTele +
                                (no amulet)
HPRegen  0.45/turn              x - ring of protection from fire
MPRegen  0.13/turn              n - +2 ring of protection

@: berserking (expiring), marked, can't hop, quick
A: +LOS, swims, berserk 1, dopey 1, frail 1, low mp 1, slowness 1, strong legs 2
a: Hop, Berserk, Trog's Hand, Brothers in Arms, Renounce Religion


You were in the Dungeon.
You worshipped Trog.
Trog was exalted by your worship.
You visited 1 branch You collected 1903 gold pieces.
You spent 522 gold pieces at shops.

Inventory:

Hand Weapons
 a - the +7 great sword of Uskayaw's Outrage (weapon) {freeze, Dex+2}
   (You found it in the Dungeon)

   It has been specially enchanted to freeze those struck by it, causing extra
   injury to most foes and up to half again as much damage against particularly
   susceptible opponents.
   It can also slow down cold-blooded creatures.
   It affects your dexterity (+2).
 m - a +5 vorpal double sword
Missiles
 w - 3 throwing nets
Armour
 b - +0 swamp dragon scales (worn)
 l - a +0 pair of boots (worn)
 r - a +0 pair of gloves (worn)
 s - a +1 cloak (worn)
 B - a +0 helmet of see invisible (worn)
 D - a +1 tower shield
Jewellery
 n - a +2 ring of protection (right hand)
 x - a ring of protection from fire (left hand)
Wands
 k - a wand of acid (2)
Scrolls
 h - 2 scrolls of blinking
 j - 6 scrolls of remove curse
 o - 7 scrolls of enchant armour
 p - a scroll of fear
 t - a scroll of holy word
 u - a scroll of magic mapping
 v - 2 scrolls of identify
 G - 2 scrolls of fog
Potions
 c - 5 potions of curing
 d - 3 potions of heal wounds
 e - a potion of haste
 f - 4 potions of magic
 g - 2 potions of berserk rage
 i - 2 potions of invisibility
 E - 4 potions of might
 F - a potion of mutation


   Skills:
 + Level 26.2 Fighting
 + Level 26.4 Long Blades
 + Level 19.9 Armour
 + Level 15.3 Dodging
 + Level 6.0 Stealth
 + Level 5.3 Evocations


You had 14 spell levels left.
You didn't know any spells.
Your spell library was empty.

Dungeon Overview and Level Annotations

Branches:
Dungeon (1/1)

Altars:
Cheibriados
Dithmenos
Elyvilon
Fedhas
Gozag
Hepliaklqana
Kikubaaqudgha
Makhleb
Nemelex Xobeh
Okawaru
Qazlal
Ru
Sif Muna
Trog
Uskayaw
Vehumet
Wu Jian
Xom
Yredelemnul
Zin
The Shining One
Beogh
Jiyva
Lugonu

Shops:
D [!?:

Annotations:
D Snorg


Innate Abilities, Weirdness & Mutations

You can be seen from farther away. (+LOS)
You can swim through water.
You cover ground slowly.
You can hop long distances.
You tend to lose your temper in combat.
You are dopey. (Int -2)
You are frail. (-10% HP)
Your magical capacity is low. (-10% MP)


Message History

The necromancer gestures at you while chanting.
The bolt of fire hits the orb of fire.
The orb of fire completely resists.
The bolt of fire hits you. You resist.
* * * LOW HITPOINT WARNING * * *
The orb of fire glows red.
Strange energies course through your body.
You feel frail.
You miss the orb of fire.
The orb of fire is severely damaged.
Unknown command.
You hit the orb of fire.
The orb of fire is severely damaged.
The orb of fire glows yellow.
The bolt of fire hits you!! You resist.
* * * LOW HITPOINT WARNING * * *
You closely miss the orb of fire.
The orb of fire is severely damaged.
The orb of fire emits a lurid red light.
The bolt of fire hits you!! You resist.
You die...

.▓)▓.▓)▓.▓)▓.▓)▓.▓)▓
.▓÷▓.▓)▓.▓)▓.▓)▓.▓.▓
.▓.▓.▓)▓.▓)▓.▓(▓)▓.▓
.▓.▓.▓)▓.▓)▓.▓)▓.▓(▓
.▓.▓.▓)▓.▓)▓.▓(▓)▓(▓
.▓.▓.▓)▓.▓)▓[▓)▓.▓*▓
.▓.▓.▓)▓.▓)▓.▓)▓.▓.▓
.▓=▓.▓)▓.▓.▓.▓'▓.▓.▓
.▓)▓.▓)▓.▓.▓.▓)▓@▓*▓
.▓.▓.▓)▓.▓.▓.▓.▓*▓.▓
.▓.▓.▓.▓)▓.▓.▓.▓p▓*▓
.▓.▓.▓.▓.▓.▓.▓.▓T▓.▓
.▓.▓.▓.▓.▓.▓.▓.▓.▓.▓
.▓.▓.▓)▓.▓'▓.▓.▓p▓§▓
.▓.▓.▓.▓.▓.▓.▓.▓.▓*▓
.▓'▓.▓.▓.▓.▓.▓.▓p▓.▓
.▓.▓.▓)▓.▓.▓.▓.▓e▓.▓


You could see an orb of fire, Snorg (soul bound, strong), a vault sentinel (soul
bound, strong), a deep elf archer (soul bound, repels missiles), an ironbrand
convoker (soul bound) and a necromancer (invisible).

Vanquished Creatures
  A lich (D)
  Gastronok (D)
  Agnes (D)
  A thorn hunter (D)
  2 nagarajas (D)
  A frost giant (D)
  A fire giant (D)
  3 ironheart preservers (D)
  3 stone giants (D)
  A bunyip (D)
  An eleionoma (D)
  2 merfolk impalers (D)
  2 ettins (D)
  A fire dragon (D)
  3 great orbs of eyes (D)
  Harold (D)
  3 hydras (D)
  A centaur warrior (D)
  A death knight (D)
  2 anacondas (D)
  2 ogre magi (D)
  A naga sharpshooter (D)
  4 orc high priests (D)
  A sea snake (D)
  2 unseen horrors (D)
  A bog body (D)
  A naga ritualist (D)
  A glowing orange brain (D)
  A flayed ghost (D)
  3 lindwurms (D)
  A harpy (D)
  An orc knight (D)
  A necromancer (D)
  8 ugly things (D)
  An orb spider (D)
  3 cyclopes (D)
  3 manticores (D)
  An orb spider (shapeshifter) (D)
  2 wolf spiders (D)
  A moth of wrath (D)
  A manticore (shapeshifter) (D)
  2 will-o-the-wisps (D)
  3 black mambas (D)
  A naga mage (D)
  A vault sentinel (D)
  3 cane toads (D)
  A yaktaur (D)
  2 demonic crawlers (D)
  2 merfolk (D)
  A jumping spider (D)
  2 tyrant leeches (D)
  A troll (D)
  A blink frog (D)
  2 hornets (D)
  2 slime creatures (D)
  A tarantella (D)
  A redback (D)
  2 wyverns (D)
  A yak (D)
  Eustachio (D)
  2 basilisks (D)
  2 spriggans (D)
  A steam dragon (D)
  A water moccasin (D)
  11 orc warriors (D)
  A sky beast (D)
  An ice beast (D)
  An eye of draining (D)
  A boggart (D)
  A wolf (D)
  3 bullfrogs (D)
  8 orc priests (D)
  3 orc wizards (D)
  A hound (D)
  A worker ant (D)
  A white imp (D)
  An ufetubus (D)
  An adder zombie (D)
  2 adder skeletons (D)
  3 worms (D)
  11 orcs (D)
  A bat skeleton (D)
  A bat zombie (D)
  A goblin (D)
  2 hobgoblins (D)
  A jackal (D)
  A quokka zombie (D)
  A rat (D)
167 creatures vanquished.

Vanquished Creatures (collateral kills)
  A lich (D)
  A vault warden (D)
  A very ugly thing (D)
  A bunyip (D)
  3 orc high priests (D)
  An orc knight (D)
  A vault sentinel (D)
  An orc priest (D)
10 creatures vanquished.

Vanquished Creatures (others)
  A vampire knight (D)
1 creature vanquished.

Grand Total: 178 creatures vanquished

Notes
Turn   | Place    | Note
-------+----------+-------------------------------------------
     0 | D        | mhtbhm the Barachi Berserker began the quest for the Orb.
     0 | D        | Reached XP level 1. HP: 18/18 MP: 1/1
    12 | D        | Reached ** piety under Trog
    12 | D        | Banished a spatial maelstrom
   169 | D        | Noticed a worker ant
   173 | D        | Reached XP level 2. HP: 26/26 MP: 2/2
   173 | D        | Reached *** piety under Trog
   174 | D        | Reached skill level 5 in Long Blades
   176 | D        | Reached skill level 5 in Fighting
   184 | D        | Reached XP level 3. HP: 34/34 MP: 3/3
   215 | D        | Found a roughly hewn altar of Beogh.
   215 | D        | Found a snail-covered altar of Cheibriados.
   215 | D        | Found a shadowy altar of Dithmenos.
   215 | D        | Found a white marble altar of Elyvilon.
   215 | D        | Found a blossoming altar of Fedhas.
   215 | D        | Found an opulent altar of Gozag.
   215 | D        | Found a hazy altar of Hepliaklqana.
   216 | D        | Found a viscous altar of Jiyva.
   217 | D        | Found an ancient bone altar of Kikubaaqudgha.
   218 | D        | Found a corrupted altar of Lugonu.
   219 | D        | Found a burning altar of Makhleb.
   220 | D        | Found a sparkling altar of Nemelex Xobeh.
   221 | D        | Found an iron altar of Okawaru.
   222 | D        | Found a stormy altar of Qazlal.
   223 | D        | Found a sacrificial altar of Ru.
   224 | D        | Found a shimmering blue altar of Sif Muna.
   225 | D        | Found a bloodstained altar of Trog.
   226 | D        | Found a hide-covered altar of Uskayaw.
   227 | D        | Found a radiant altar of Vehumet.
   228 | D        | Found an ornate altar of the Wu Jian Council.
   229 | D        | Found a shimmering altar of Xom.
   230 | D        | Found a basalt altar of Yredelemnul.
   231 | D        | Found a glowing silver altar of Zin.
   232 | D        | Found a glowing golden altar of the Shining One.
   286 | D        | Noticed an ice beast
   286 | D        | Noticed a troll
   291 | D        | Reached **** piety under Trog
   299 | D        | Killed a troll
   300 | D        | Reached skill level 10 in Long Blades
   300 | D        | Reached skill level 5 in Armour
   300 | D        | Reached skill level 5 in Dodging
   300 | D        | Reached XP level 4. HP: 45/46 MP: 4/4
   300 | D        | Reached XP level 5. HP: 50/52 MP: 5/5
   300 | D        | Reached XP level 6. HP: 56/58 MP: 6/6
   304 | D        | Killed an ice beast
   306 | D        | Reached ***** piety under Trog
   419 | D        | Noticed a white ugly thing
   419 | D        | Noticed a slime creature
   419 | D        | Noticed a manticore
   419 | D        | Noticed a steam dragon
   428 | D        | Killed a steam dragon
   429 | D        | Reached skill level 10 in Fighting
   429 | D        | Reached XP level 7. HP: 67/67 MP: 7/7
   434 | D        | Killed a manticore
   434 | D        | Received a gift from Trog
   435 | D        | Reached XP level 8. HP: 56/76 MP: 8/8
   600 | D        | Killed a slime creature
   606 | D        | Killed a white ugly thing
   610 | D        | Killed an unseen horror
   611 | D        | Reached skill level 15 in Long Blades
   611 | D        | Reached XP level 9. HP: 57/85 MP: 9/9
   893 | D        | Got the +5 long sword "Erom" {flame, Dex+4}
   906 | D        | Noticed a cane toad
   906 | D        | Noticed a five-headed hydra
   925 | D        | Killed a one-headed hydra
   925 | D        | Received a gift from Trog
   926 | D        | Reached skill level 10 in Armour
   936 | D        | Killed a cane toad
   937 | D        | Reached XP level 10. HP: 41/95 MP: 10/10
   946 | D        | Reached skill level 10 in Dodging
  1170 | D        | Noticed a four-headed hydra
  1170 | D        | Noticed a black mamba
  1170 | D        | Noticed a cane toad
  1170 | D        | Noticed a cane toad
  1176 | D        | Killed a cane toad
  1178 | D        | Noticed a four-headed hydra
  1184 | D        | Killed a cane toad
  1185 | D        | Reached skill level 15 in Fighting
  1188 | D        | Killed a one-headed hydra
  1196 | D        | Killed a one-headed hydra
  1196 | D        | Reached ****** piety under Trog
  1200 | D        | Killed a black mamba
  1202 | D        | Received a gift from Trog
  1204 | D        | Reached XP level 11. HP: 31/104 MP: 11/11
  1471 | D        | Noticed a lindwurm
  1471 | D        | Noticed a lindwurm
  1471 | D        | Noticed a lindwurm
  1492 | D        | Killed a lindwurm
  1496 | D        | Killed a lindwurm
  1497 | D        | Reached skill level 1 in Stealth
  1500 | D        | Killed a lindwurm
  1507 | D        | Received a gift from Trog
  1889 | D        | Received a gift from Trog
  1967 | D        | Noticed an orc high priest
  1970 | D        | Received a gift from Trog
  1985 | D        | Killed an orc high priest
  1986 | D        | Reached skill level 1 in Evocations
  2003 | D        | Received a gift from Trog
  2128 | D        | Found Hucuneah's Book Boutique.
  2128 | D        | Noticed an orc high priest
  2128 | D        | Noticed an orc high priest
  2130 | D        | Noticed a sixfirhy
  2132 | D        | Noticed a soul eater
  2132 | D        | Found Vuvvuseb's Magic Scroll Shop.
  2137 | D        | Noticed an orc high priest
  2139 | D        | Found Amefyfey's Distillery.
  2139 | D        | Noticed an orc high priest
  2143 | D        | Killed an orc high priest
  2144 | D        | Reached skill level 15 in Armour
  2165 | D        | HP: 3/107 [something][an orc high priest] (15)]
  2169 | D        | Noticed a soul eater
  2171 | D        | Killed an orc high priest
  2174 | D        | Killed an orc high priest
  2174 | D        | Received a gift from Trog
  2188 | D        | Killed an orc high priest
  2425 | D        | Noticed an orc high priest
  2436 | D        | Killed an orc high priest
  2488 | D        | Noticed an orc high priest
  2492 | D        | Found Oryuq's Antique Armour Shop.
  2503 | D        | Killed an orc high priest
  2504 | D        | Reached XP level 12. HP: 105/116 MP: 12/12
  2569 | D        | Bought a potion of invisibility for 96 gold pieces
  2571 | D        | Bought a scroll of holy word for 90 gold pieces
  2571 | D        | Bought a scroll of enchant armour for 90 gold pieces
  2571 | D        | Bought a scroll of enchant armour for 90 gold pieces
  2571 | D        | Bought a scroll of magic mapping for 42 gold pieces
  2571 | D        | Bought a scroll of enchant armour for 90 gold pieces
  2571 | D        | Bought a scroll of identify for 24 gold pieces
  2623 | D        | Noticed Eustachio
  2638 | D        | Killed Eustachio
  2638 | D        | Received a gift from Trog
  2690 | D        | Noticed Harold
  2707 | D        | Killed Harold
  2800 | D        | Got the +7 great sword of Uskayaw's Outrage {freeze, Dex+2}
  2921 | D        | Noticed a stone giant
  2924 | D        | Noticed a great orb of eyes
  2929 | D        | Noticed an ettin
  2930 | D        | Received a gift from Trog
  2931 | D        | Noticed a great orb of eyes
  2935 | D        | Noticed a fire dragon
  2938 | D        | Noticed a centaur warrior
  2940 | D        | Killed a stone giant
  2946 | D        | Killed a great orb of eyes
  2949 | D        | Received a gift from Trog
  2952 | D        | Killed an ettin
  2957 | D        | Killed a great orb of eyes
  2960 | D        | Killed a fire dragon
  2962 | D        | Killed a centaur warrior
  3158 | D        | Noticed Gastronok
  3167 | D        | Killed Gastronok
  3300 | D        | Noticed a merfolk impaler
  3300 | D        | Noticed a merfolk impaler
  3303 | D        | Received a gift from Trog
  3307 | D        | Killed a merfolk impaler
  3308 | D        | Gained mutation: You can hop long distances. [Barachi
                  | growth]
  3308 | D        | Reached XP level 13. HP: 128/128 MP: 13/13
  3315 | D        | Killed a merfolk impaler
  3329 | D        | Received a gift from Trog
  3455 | D        | Noticed an eleionoma
  3455 | D        | Noticed a bunyip
  3461 | D        | Killed a bunyip
  3461 | D        | Noticed a thorn hunter
  3462 | D        | Noticed a bunyip
  3471 | D        | Killed an eleionoma
  3473 | D        | Received a gift from Trog
  3488 | D        | Killed a thorn hunter
  3504 | D        | Killed a bunyip
  3970 | D        | Received a gift from Trog
  3994 | D        | Received a gift from Trog
  4046 | D        | Noticed a nagaraja
  4046 | D        | Noticed a nagaraja
  4050 | D        | Killed a nagaraja
  4064 | D        | Received a gift from Trog
  4069 | D        | Killed a nagaraja
  4075 | D        | Reached XP level 14. HP: 85/143 MP: 14/14
  4076 | D        | Received a gift from Trog
  4351 | D        | Noticed Agnes
  4363 | D        | Killed Agnes
  4535 | D        | Noticed a lich
  4535 | D        | Noticed a stone giant
  4535 | D        | Noticed a vampire knight
  4542 | D        | Killed a vampire knight
  4546 | D        | Killed a stone giant
  4547 | D        | Noticed a red very ugly thing
  4564 | D        | Noticed a frost giant
  4567 | D        | Killed a lich
  4569 | D        | Killed a red very ugly thing
  4964 | D        | Received a gift from Trog
  5139 | D        | Killed a frost giant
  5139 | D        | Received a gift from Trog
  5140 | D        | Reached skill level 5 in Stealth
  5381 | D        | Noticed a fire giant
  5388 | D        | Noticed a lich
  5390 | D        | Killed a fire giant
  5398 | D        | Received a gift from Trog
  5404 | D        | Killed a lich
  5405 | D        | Reached skill level 5 in Evocations
  5412 | D        | Received a gift from Trog
  5439 | D        | Noticed an ironheart preserver
  5442 | D        | Killed an ironheart preserver
  5448 | D        | Noticed an ironheart preserver
  5454 | D        | Received a gift from Trog
  5455 | D        | Reached skill level 15 in Dodging
  5470 | D        | Noticed an ironheart preserver
  5470 | D        | Noticed a stone giant
  5473 | D        | Killed an ironheart preserver
  5478 | D        | Noticed a vault warden
  5486 | D        | Received a gift from Trog
  5486 | D        | Killed an ironheart preserver
  5487 | D        | Reached XP level 15. HP: 119/156 MP: 15/15
  5496 | D        | Received a gift from Trog
  5526 | D        | Killed a vault warden
  5532 | D        | Noticed an orb of fire
  5553 | D        | Gained mutation: You are dopey. (Int -2) [an orb of fire]
  5554 | D        | Gained mutation: Your magical capacity is low. (-10% MP)
                  | [an orb of fire]
  5563 | D        | Gained mutation: You tend to lose your temper in combat.
                  | [an orb of fire]
  5564 | D        | Noticed Snorg
  5574 | D        | Gained mutation: You are frail. (-10% HP) [an orb of fire]
  5576 | D        | HP: 10/211 [orb of fire/bolt of fire (18)]
  5577 | D        | Killed from afar by an orb of fire

Illustrated notes

Levels and vault maps discovered:
D:        linesprint [early_d, line_temple, items_1, d_10, items_2, lair_1,
          lair_end, items_3, orc_1, orc_end, items_4, d_15, swamp_1, shoals_1,
          snake_1, spider_1, d_20, vaults_1, items_5, swamp_end, shoals_end,
          snake_end, spider_end, vaults_end, d_27, items_6, zot_1, zot_end,
          crypt_end, forest_end, elf_end, slime_end, tomb_end, abyss_end,
          pan_hell_end]

Skill      XL: |  1  2  3  4  5  6  7  8  9 10 11 12 13 14 15 |
---------------+----------------------------------------------+-----
Fighting       | 4 6 9 10 11 13 14 16 18 20 23 25 26 | 26.2
Long Blades    | 4 6 10 12 13 15 17 18 20 22 24 26 | 26.4
Armour         | 3 5 6 7 8 10 12 15 17 18 19 | 19.9
Dodging        | 3 5 6 7 9 10 11 13 15 | 15.3
Stealth        | 1 3 4 5 6 |  6.0
Evocations     | 2 4 5 |  5.3

Action                   |  1- 3 |  4- 6 |  7- 9 | 10-12 | 13-15 || total
-------------------------+-------+-------+-------+-------+-------++-------
Melee: Falchion          |    28 |       |       |       |       ||    28
       Scimitar          |    11 |    13 |    20 |       |       ||    44
       Long sword        |       |       |    25 |   177 |       ||   202
       Great sword       |       |       |       |    45 |   225 ||   270
Invok: Berserk           |     2 |     1 |     2 |     7 |     9 ||    21
       Brothers in Arms  |       |       |       |     1 |     3 ||     4
 Abil: Hop               |       |       |       |     3 |     3 ||     6
Evoke: Wand              |       |       |       |     5 |     3 ||     8
  Use: Potion            |       |       |     1 |     3 |     3 ||     7
       Scroll            |       |       |       |     1 |       ||     1
 Stab: Sleeping          |       |       |       |     1 |       ||     1
Armor: Animal skin       |     2 |       |       |       |       ||     2
       Chain mail        |    10 |     9 |    16 |    36 |       ||    71
       Swamp dragon scal |       |       |       |    10 |    66 ||    76
Dodge: Dodged            |    26 |     8 |    17 |   108 |   152 ||   311
       Rpst.: Falchion   |     4 |       |       |       |       ||     4
       Scimitar          |     2 |     2 |       |       |       ||     4
       Long sword        |       |       |     3 |    27 |       ||    30
       Great sword       |       |       |       |     5 |    35 ||    40

Table legend: (Time is in decaauts)
 A = Elapsed time spent in this place.
 B = Non-inter-level travel time spent in this place.
 C = Inter-level travel time spent in this place.
 D = Time resting spent in this place.
 E = Time spent auto-exploring this place.
 F = Levels seen in this place.
 G = Mean time per level.
                   A        B        C        D        E       F      G
               +--------+--------+--------+--------+--------+-----+--------+
         Total |   5807 |   5807 |      0 |   2966 |    998 |   1 | 5807.0 |
       Dungeon |   5807 |   5807 |      0 |   2966 |    998 |   1 | 5807.0 |
               +--------+--------+--------+--------+--------+-----+--------+

Top non-repeatable levels by time:
       D: 5807 daAuts
